 Dungeon Crawl Stone Soup version 0.28.0-47-ge53b351184 (webtiles) character file.

Game seed: 17301024213430678903

7 Allula97 the Sneak (level 1, -3/16 HPs)
             Began as a Demonspawn Brigand on Apr 29, 2022.
             Slain by a kobold
             ... wielding a +2 dagger of holy wrath
              (4 damage)
             ... on level 1 of the Dungeon.
             The game lasted 00:00:39 (414 turns).

Allula97 the Sneak (Demonspawn Brigand)              Turns: 414, Time: 00:00:40

Health: -3/16      AC:  3    Str: 11    XL:     1   Next: 91%
Magic:  1/1        EV: 12    Int: 12    God:
Gold:   13         SH:  0    Dex: 14    Spells: 0/0 levels left

rFire   . . .      SeeInvis .   a - +2 dagger
rCold   . . .      Faith    .   (no shield)
rNeg    . . .      Spirit   .   b - +0 robe
rPois   .          Reflect  .   (no helmet)
rElec   .          Harm     .   c - +0 cloak
rCorr   .          Rampage  .   (no gloves)
Will    .....                   (no boots)
Stlth   ++........              (no amulet)
HPRegen 0.05/turn               (no ring)
MPRegen 0.07/turn               (no ring)

@: no status effects
A: no striking features
a: no special abilities


You were on level 1 of the Dungeon.
You visited 1 branch of the dungeon, and saw 1 of its levels.

You collected 13 gold pieces.

Inventory:

Hand Weapons
 a - a +2 dagger (weapon)
Missiles
 d - 8 poisoned darts (quivered)
 e - 2 curare-tipped darts
Armour
 b - a +0 robe (worn)
 c - a +0 cloak (worn)
Potions
 f - a potion of lignification {unknown}


   Skills:
 * Level 2.2 Fighting
 * Level 1.7 Short Blades
 + Level 1.7 Throwing
 * Level 1.1 Dodging
 * Level 3.8 Stealth


You couldn't memorise any spells.
You didn't know any spells.
Your spell library was empty.

Dungeon Overview and Level Annotations

Branches:
Dungeon (1/15)

Altars:


Message History

The bat hits you. The bat misses you. The bat barely misses you.
You closely miss the bat.
The bat is severely wounded.
The bat closely misses you. The bat hits you but does no damage.
You hit the bat.
You kill the bat!
You see here a bat corpse.
A kobold comes into view.
It is wielding a +2 dagger of holy wrath.
The kobold shouts!
You hear a shout!
A kobold comes into view. It is wielding a +0 dagger.
You hear a shout!
A kobold comes into view. It is wielding a +0 club.
The kobold closely misses you.
The kobold hits you with a +2 dagger of holy wrath.
You convulse.
You closely miss the kobold. The kobold closely misses you. x2
You hit the kobold.
The kobold is severely wounded.
The kobold barely misses you.
You hit the kobold but do no damage.
The kobold is severely wounded.
The kobold hits you with a +2 dagger of holy wrath.
You convulse.
The kobold closely misses you. The kobold hits you with a +0 club.
* * * LOW HITPOINT WARNING * * *
You closely miss the kobold.
The kobold is severely wounded.
The kobold hits you with a +2 dagger of holy wrath.
* * * LOW HITPOINT WARNING * * *
You convulse.
* * * LOW HITPOINT WARNING * * *
The kobold hits you with a +0 dagger.
* * * LOW HITPOINT WARNING * * *
You barely miss the kobold.
The kobold is severely wounded.
The kobold closely misses you.
The kobold hits you with a +2 dagger of holy wrath.
You die...

..#
#...........'.....'.....#
..#
#######################
..######.## ......†...#
...#.###..# ..†..##...#
..#.###.#.#
..#.###.#.#############.
..#............K@K......
.....##.†....###K######.
.#...####.##.# #.# . ...
#.##.# #.# . ... #.##.#
#.. #.##.# #.. #..#.#
#.#. #..#.# #.#. ......


You could see 3 kobolds.

Vanquished Creatures
  An endoplasm (D:1)
  A quokka (D:1)
  3 ball pythons (D:1)
  A bat (D:1)
  A rat (D:1)
7 creatures vanquished.

Notes
Turn   | Place    | Note
-------+----------+-------------------------------------------
     0 | D:1      | Allula97 the Demonspawn Brigand began the quest for the
                  | Orb.
     0 | D:1      | Reached XP level 1. HP: 16/16 MP: 1/1
    88 | D:1      | Found a faded altar of an unknown god.
   160 | D:1      | Reached skill level 1 in Dodging
   414 | D:1      | Slain by a kobold

Illustrated notes

Levels and vault maps discovered:
D:1:      dpeg_arrival_triangle_fractal, layout_loops_ring,
          shapermc_ecumenical_altar_flowoftime, minmay_misc_feat_more_columns,
          minmay_stone_trees_small, roderic_serpentine_path

Skill      XL: |  1 |
---------------+----+-----
Dodging        | 1 |  1.1
Fighting       | |  2.2
Short Blades   | |  1.7
Throwing       | |  1.7
Stealth        | |  3.8

Action                   || total
-------------------------++-------
Melee: Dagger            ||    31
       Punch             ||     1
 Stab: Sleeping          ||     1
Armor: Robe              ||    11
Dodge: Dodged            ||    32
